Map: Blackpink LE

Players

ILIEKEGGPIE

  • Race: Protoss Protoss
  • League: Platinum
  • Spawn Location: 1:00

Köversän - Winner!

  • Race: Terran Terran
  • League: Platinum
  • Spawn Location: 7:00

VOD

Have the link to the VOD?

Description

Time

  • Played on: April 17, 2018, 7:41 p.m.
  • Length: 14:58
Show
View Real Time Build Order
Export as new Build Order

ILIEKEGGPIE Protoss 

Build Orders: Colossus Rush 

Get SALT Encoding   

  12  0:01  Probe  
  13  0:13  Pylon  
  13  0:18  Probe  
  14  0:30  Probe  
  14  0:34  Gateway  
  15  0:42  Probe  
  16  0:51  Assimilator  
  16  0:54  Probe  
  17  1:06  Probe  
  18  1:18  Probe  
  18  1:24  Cybernetics Core  
  19  1:29  Pylon  
  19  1:30  Probe  
  20  1:36  Assimilator  
  20  1:53  Nexus  
  20  2:00  Stalker  
  20  2:05  Warp Gate  
  21  2:24  Probe  
  21  2:29  Stalker  
  22  2:36  Probe  
  25  2:48  Probe  
  26  3:03  Probe  
  26  3:07  Probe  
  26  3:11  Probe  
  28  3:16  Robotics Facility  
  28  3:19  Probe  
  30  3:21  Probe  
  30  3:22  Stalker  
  33  3:27  Probe  
  33  3:33  Probe  
  35  3:44  Probe  
  36  3:52  Probe x2  
  36  3:55  Sentry  
  39  3:58  Gateway, Observer  
  39  4:00  Gateway  
  39  4:02  Pylon  
  40  4:05  Probe  
  40  4:09  Probe, Robotics Bay  
  44  4:17  Probe  
  44  4:21  Observer  
  44  4:22  Pylon  
  45  4:42  Observer  
  46  4:46  Probe  
  46  4:50  Probe  
  48  4:53  Assimilator  
  48  4:55  Probe  
  48  4:57  Assimilator  
  49  5:02  Probe  
  49  5:03  Colossus  
  56  5:10  Nexus  
  56  5:14  Extended Thermal Lance  
  56  5:17  Probe x2  
  58  5:29  Probe x2  
  60  5:40  Probe  
  60  5:41  Probe  
  61  5:48  Probe  
  61  5:56  Forge x2  
  62  5:59  Pylon  
  62  6:00  Pylon  
  62  6:04  Pylon  
  62  6:16  Colossus  
  62  6:17  Probe x2  
  70  6:18  Sentry  
  70  6:19  Stalker, Sentry, Protoss Ground Weapons Level 1  
  70  6:20  Protoss Ground Armor Level 1  
  70  6:24  Probe  
  77  6:29  Probe x2  
  79  6:36  Probe  
  80  6:45  Zealot  
  82  6:51  Gateway  
  82  6:52  Gateway, Probe  
  82  6:56  Probe x2  
  82  6:57  Twilight Council  
  82  7:01  Probe  
  85  7:08  Assimilator, Probe x2  
  88  7:09  Probe  
  88  7:10  Assimilator  
  89  7:20  Probe x2  
  89  7:22  Shield Battery  
  91  7:23  Shield Battery  
  91  7:24  Gateway  
  91  7:25  Gateway  
  91  7:28  Pylon  
  89  7:46  Stalker x3  
  80  8:13  Stalker x3  
  86  8:25  Pylon  
  85  8:28  Pylon  
  85  8:32  Protoss Ground Armor Level 2, Protoss Ground Weapons Level 2  
  85  8:47  Pylon  
  85  8:48  Pylon  
  85  8:53  Sentry x2  
  85  8:54  Stalker x2, Sentry x2  
  85  8:55  Stalker  
  99  9:01  Pylon  
  99  9:13  Nexus  
  67  9:41  Stalker x4, Colossus  
  70  10:16  Sentry x4  
  70  10:17  Zealot x3  
  81  10:41  Zealot x2  
  81  10:42  Zealot x2  
  81  10:49  Stalker x3  
  87  10:55  Protoss Ground Weapons Level 3  
  87  11:03  Robotics Facility  
  87  11:07  Robotics Facility  
  87  11:10  Warp Prism  
  80  11:56  Stalker x3  
  86  12:05  Pylon  
  86  12:06  Pylon  
  86  12:07  Pylon  
  86  12:09  Pylon  
  86  12:15  Colossus x3  
  86  12:20  Zealot x3  
  110  12:36  Stalker  
  110  12:37  Stalker x2  
  116  13:08  Colossus  
  116  13:11  Zealot  
  116  13:12  Zealot x5  
  100  13:35  Stalker  
  100  13:36  Sentry x3  
  100  13:37  Zealot x3  
  100  14:03  Stalker x4  
  100  14:04  Stalker x2  
  112  14:14  Nexus  
  58  14:46  Stalker x3  
  58  14:47  Stalker  
  58  14:48  Zealot x2  
Show
View Real Time Build Order
Export as new Build Order

Köversän Terran - Winner!

Build Orders: Reaper Expand, MMM Bio 

Get SALT Encoding   

  12  0:01  SCV  
  13  0:13  SCV  
  14  0:18  Supply Depot  
  14  0:26  SCV  
  15  0:30  Refinery  
  15  0:39  SCV  
  16  0:47  Barracks  
  16  0:52  SCV  
  17  1:04  SCV  
  18  1:23  SCV  
  19  1:35  Reaper  
  19  1:36  Orbital Command  
  20  1:47  Command Center  
  20  2:03  SCV  
  21  2:13  Barracks  
  21  2:20  SCV  
  21  2:22  Barracks Reactor  
  21  2:28  Supply Depot  
  21  2:33  Barracks  
  22  2:37  SCV  
  22  2:49  SCV  
  23  3:01  Orbital Command  
  23  3:05  Marine, Bunker  
  23  3:06  Marine, Barracks Tech Lab  
  23  3:10  Orbital Command  
  25  3:14  SCV  
  25  3:15  Factory  
  26  3:23  Refinery  
  26  3:25  Marine x3  
  29  3:40  SCV x2  
  31  3:43  Engineering Bay  
  31  3:52  Marine x2  
  31  3:54  Barracks Reactor  
  32  3:55  Marine  
  33  4:04  Factory Reactor  
  33  4:08  Starport  
  33  4:09  Stimpack  
  33  4:11  SCV x2  
  35  4:21  Missile Turret  
  35  4:22  Marine  
  35  4:23  Marine x2, SCV  
  39  4:27  SCV  
  39  4:29  Missile Turret  
  40  4:33  Marine x2  
  42  4:44  SCV x2  
  44  4:51  Marine  
  44  4:52  Refinery, Marine  
  46  4:57  Factory Tech Lab  
  46  5:00  Supply Depot  
  46  5:10  Supply Depot  
  46  5:15  Marine x3  
  46  5:16  Medivac x2, SCV  
  54  5:21  Marine x2  
  54  5:22  SCV, Siege Tank  
  54  5:24  Supply Depot  
  60  5:33  Supply Depot  
  62  5:36  Marauder, Marine x2  
  64  5:46  Medivac  
  66  5:53  Marine x2  
  68  5:59  Supply Depot  
  68  6:03  Marine x2  
  72  6:04  Marauder, Siege Tank  
  72  6:08  Liberator  
  72  6:10  Combat Shields  
  75  6:14  Marine x2  
  80  6:26  Marine x2  
  80  6:27  Marauder  
  84  6:34  Supply Depot  
  84  6:46  SCV  
  84  6:47  SCV  
  86  6:49  Marine x2  
  86  6:50  Marine x2  
  86  6:51  Marauder  
  86  6:52  Siege Tank  
  94  7:02  SCV x2  
  96  7:12  Supply Depot  
  96  7:13  Command Center  
  96  7:17  SCV  
  96  7:18  SCV  
  95  8:02  SCV x2  
  79  8:17  SCV  
  79  8:18  Marine x3, SCV  
  79  8:19  Marauder, Marine, Siege Tank  
  90  8:21  Viking x2  
  94  8:28  Terran Infantry Weapons Level 1  
  94  8:30  Engineering Bay, Barracks x2  
  94  8:32  Armory, Barracks  
  94  8:41  Marine  
  94  8:42  Marine x4  
  94  8:47  SCV x2  
  101  8:49  Orbital Command  
  101  8:50  Missile Turret  
  101  8:51  Siege Tank  
  101  8:54  Missile Turret  
  104  8:59  Marine x2  
  104  9:00  Marauder, Marine x2  
  109  9:17  Terran Infantry Armor Level 1  
  109  9:24  Siege Tank  
  104  9:31  Liberator  
  91  9:43  Marine x4  
  91  9:44  Marauder  
  91  9:45  Barracks Tech Lab x2  
  97  9:47  Medivac  
  102  10:02  Marine x4  
  105  10:22  Marine x4  
  105  10:23  Marauder  
  105  10:24  Marauder x2, Siege Tank  
  113  10:56  SCV x3, Terran Infantry Weapons Level 2  
  116  10:58  Terran Vehicle Weapons Level 1  
  114  11:22  Marine x4  
  114  11:23  Marauder x3, Barracks Tech Lab  
  124  11:28  Siege Tank  
  119  11:44  Marine x4  
  119  11:45  Marauder x2  
  118  11:57  Marine x2  
  118  12:00  Siege Tank, SCV x2  
  125  12:06  Supply Depot  
  125  12:21  Supply Depot  
  125  12:26  Command Center  
  125  12:28  Marauder x2, Refinery, Marine, SCV  
  125  12:29  Supply Depot, Marine x2  
  133  12:34  Ghost Academy  
  133  12:35  Concussive Shells  
  133  12:39  Terran Infantry Armor Level 2  
  133  12:42  Medivac, SCV x2, Viking  
  133  12:43  Marauder  
  141  12:44  Refinery  
  141  12:49  Marine, SCV  
  144  12:51  Marauder x2, Supply Depot  
  141  13:08  Marine x4  
  141  13:09  Marauder x2  
  148  13:13  Marauder x2  
  148  13:15  Supply Depot  
  147  13:24  Liberator x2  
  128  13:41  Marine  
  128  13:42  Marine x3  
  128  13:43  Marauder x4  
  128  13:44  Siege Tank  
Tags
 
Composition
MMM Bio
Matchup
PvT
Replay Pack
Multi
Spawn Locations
Cross Positions
Add a new tag
Caveats
  • Supply blocks, unpowered buildings, or Contaminate may cause inaccurate times.
  • Supply counts are checked every 10 seconds.